 Dungeon Sprint DCSS version 0.19.1 (webtiles) character file.

459 equalderp2856 the Gouger (level 6, -4/51 HPs)
             Began as a Felid Fighter on Nov 29, 2016.
             Was a Follower of Trog.
             Slain by a demonic crawler (5 damage)
             ... in the Dungeon (Sprint I: "Red Sonja").
             The game lasted 00:02:43 (606 turns).

equalderp2856 the Gouger (Felid Fighter)             Turns: 606, Time: 00:02:43

Health: -4/51      AC:  2    Str: 18    XL:     6   Next: 78%
Magic:  7/7        EV: 27    Int: 10    God:    Trog [*.....]
Gold:   425        SH:  0    Dex: 16    Spells: 0 memorised, 5 levels left
                                        Lives:  0   Deaths: 2

rFire  . . .     SeeInvis +       - Unarmed
rCold  . . .     Gourm    .     (armour unavailable)
rNeg   . . .     Faith    .     (shield unavailable)
rPois  .         Spirit   .     (helmet unavailable)
rElec  .         Reflect  .     (cloak unavailable)
rCorr  .         Harm     .     (gloves unavailable)
MR     .....     NoTele   +     (boots unavailable)
Stlth  ..........               (no amulet)
                                (no ring)
                                (no ring)

@: berserking, very quick
A: no armour, no weapons or thrown items, stealth, claws 1, fangs 3, see
invisible, carnivore 3, speed 1, shaggy fur 2, slow metabolism 1, sharp paws
a: Berserk, Burn Spellbooks, Renounce Religion


You were in the Dungeon.
You worshipped Trog.
Trog was aware of your devotion.
You were not hungry.

You visited 1 branch You collected 425 gold pieces.

Inventory:

Scrolls
 h - a scroll of blinking
Potions
 a - a potion of might
 e - a potion of haste
 f - 2 potions of magic
 g - a potion of berserk rage
Comestibles
 b - a meat ration


   Skills:
 + Level 8.4 Fighting
 + Level 11.2 Dodging
 + Level 4.2 Stealth
 + Level 14.1 Unarmed Combat


You had 5 spell levels left.
You didn't know any spells.

Dungeon Overview and Level Annotations

Branches:
Dungeon (1/1)

Altars:
Cheibriados
Dithmenos
Elyvilon
Fedhas
Gozag
Hepliaklqana
Kikubaaqudgha
Makhleb
Nemelex Xobeh
Okawaru
Qazlal
Ru
Sif Muna
Trog
Uskayaw
Vehumet
Xom
Yredelemnul
Zin
The Shining One
Jiyva
Lugonu

Shops:
D =


Innate Abilities, Weirdness & Mutations

You cannot wear armour.
You are incapable of wielding weapons or throwing items.
Your paws allow you to move quietly. (Stealth)
You have sharp claws.
You have razor-sharp teeth.
You have supernaturally acute eyesight. (SInv)
You are carnivorous and can eat meat at any time.
You cover ground quickly.
You are covered in thick fur. (AC +2)
You have a slow metabolism.
Your sharp claws are effective at attacking unaware monsters.


Message History

The demonic crawler misses you. The demonic crawler barely misses you.
You claw the demonic crawler!
The demonic crawler is lightly wounded.
The demonic crawler misses you. The demonic crawler barely misses you.
The demonic crawler hits you.
The demonic crawler completely misses you.
The demonic crawler closely misses you.
The demonic crawler hits you but does no damage.
The demonic crawler barely misses you. The demonic crawler closely misses you.
The demonic crawler barely misses you.
There is an open door here.
A red film seems to cover your vision as you go berserk!
You feel yourself moving faster!
You feel mighty!
You feel a lot more hungry.
The demonic crawler completely misses you.
The demonic crawler closely misses you. The demonic crawler hits you.
* * * LOW HITPOINT WARNING * * *
The demonic crawler closely misses you. x2; The demonic crawler hits you!
* * * LOW HITPOINT WARNING * * *
The demonic crawler hits you.
You die...

####################
#<.#s.').#.))..#__#.
#..@ss#..'..#..'.s'.
#..#####'#####'#__##
#..####..#...#§####!
#..#__####..##§#§§§§
#..#_____##'#.§§≈§
#⌠⌠#_.∩..†'..._#≈§§§
####_..__##_.#'##+##
#_____###+#.#
####### ###


You could see 3 demonic crawlers.

Vanquished Creatures
  2 kobold demonologists (D)
  A slime creature (D)
  Sigmund (D)
  A yak (D)
  A floating eye (D)
  An ogre (D)
  A jelly (D)
  Ijyb (D)
9 creatures vanquished.

Notes
Turn   | Place    | Note
-------+----------+-------------------------------------------
     0 | D        | equalderp2856 the Felid Fighter began the quest for the Orb.
     0 | D        | Reached XP level 1. HP: 10/10 MP: 2/2
     2 | D        | Noticed Ijyb
    14 | D        | Killed Ijyb
    14 | D        | Reached skill level 5 in Dodging
    14 | D        | Reached skill level 6 in Unarmed Combat
    14 | D        | Reached XP level 2. HP: 14/15 MP: 3/3
    34 | D        | Noticed an ogre
    41 | D        | Killed an ogre
    41 | D        | Reached skill level 5 in Fighting
    41 | D        | Reached skill level 8 in Unarmed Combat
    41 | D        | Reached XP level 3. HP: 19/19 MP: 4/4
    41 | D        | Reached XP level 4. HP: 23/23 MP: 5/5
    54 | D        | Noticed Sigmund
    64 | D        | Killed Sigmund
    64 | D        | Reached skill level 10 in Unarmed Combat
    64 | D        | Reached XP level 5. HP: 22/27 MP: 6/6
    64 | D        | Gained mutation: You are covered in thick fur. (AC +2) [Felid growth]
    64 | D        | Reached XP level 6. HP: 25/31 MP: 7/7
   122 | D        | Found a burning altar of Makhleb.
   122 | D        | Found a viscous altar of Jiyva.
   122 | D        | Found a shimmering altar of Xom.
   122 | D        | Found a corrupted altar of Lugonu.
   122 | D        | Noticed a slime creature
   127 | D        | Killed a slime creature
   127 | D        | Reached skill level 1 in Stealth
   127 | D        | Reached skill level 11 in Unarmed Combat
   192 | D        | Found a deep blue altar of Sif Muna.
   194 | D        | Found a radiant altar of Vehumet.
   200 | D        | Found Qopou's Jewellery Emporium.
   200 | D        | Found an ancient bone altar of Kikubaaqudgha.
   200 | D        | Found a hazy altar of Hepliaklqana.
   200 | D        | Found a stormy altar of Qazlal.
   200 | D        | Found a hide-covered altar of Uskayaw.
   200 | D        | Found a blossoming altar of Fedhas.
   200 | D        | Found a bloodstained altar of Trog.
   200 | D        | Found an iron altar of Okawaru.
   200 | D        | Found a basalt altar of Yredelemnul.
   200 | D        | Found a glowing golden altar of the Shining One.
   200 | D        | Found a snail-covered altar of Cheibriados.
   200 | D        | Found a sacrificial altar of Ru.
   200 | D        | Found a glowing silver altar of Zin.
   200 | D        | Found a shadowy altar of Dithmenos.
   200 | D        | Found a white marble altar of Elyvilon.
   200 | D        | Noticed a yak
   201 | D        | Found an opulent altar of Gozag.
   202 | D        | Killed a yak
   202 | D        | Reached skill level 10 in Dodging
   202 | D        | Reached skill level 12 in Unarmed Combat
   202 | D        | Reached XP level 7. HP: 36/36 MP: 8/8
   243 | D        | Found a sparkling altar of Nemelex Xobeh.
   320 | D        | Became a worshipper of Trog the Wrathful
   350 | D        | Noticed a kobold demonologist
   351 | D        | Noticed a kobold demonologist
   353 | D        | Reached skill level 13 in Unarmed Combat
   356 | D        | Noticed a chaos spawn
   357 | D        | Noticed a chaos spawn
   358 | D        | Noticed a sun demon
   363 | D        | Slain by a chaos spawn
   364 | D        | Reached XP level 6. HP: 0/33 MP: 7/7
   380 | D        | Noticed an ice devil
   383 | D        | Noticed a chaos spawn
   387 | D        | Noticed a smoke demon
   396 | D        | Killed a kobold demonologist
   396 | D        | Reached * piety under Trog
   396 | D        | Reached XP level 7. HP: 4/37 MP: 8/8
   402 | D        | Killed a kobold demonologist
   402 | D        | Reached skill level 14 in Unarmed Combat
   576 | D        | Noticed a demonic crawler
   576 | D        | Noticed a demonic crawler
   576 | D        | Noticed a demonic crawler
   576 | D        | Noticed a demonic crawler
   581 | D        | Slain by a demonic crawler
   582 | D        | Reached XP level 6. HP: -5/34 MP: 7/7
   606 | D        | HP: 1/51 [demonic crawler (13)]
   606 | D        | Slain by a demonic crawler

Skill      XL: |  1  2  3  4  5  6  7 |
---------------+----------------------+-----
Dodging        | 5 6 8 10 11 | 11.2
Unarmed Combat | 6 8 10 12 14 | 14.1
Fighting       | 5 6 8 |  8.4
Stealth        | 3 4 |  4.2

Action                   |  1- 3 |  4- 6 |  7- 9 || total
-------------------------+-------+-------+-------++-------
Melee: Unarmed           |    17 |    37 |    20 ||    74
       Punch             |     1 |     1 |       ||     2
       Bite              |       |     6 |     2 ||     8
Invok: Berserk           |       |     1 |       ||     1
  Use: Potion            |       |     1 |     2 ||     3
 Stab: Sleeping          |       |     2 |       ||     2
Armor: Skin              |       |     1 |     2 ||     3
Dodge: Dodged            |    12 |    30 |    22 ||    64
